 Dungeon Crawl Stone Soup version 0.29-a0-723-gce39da1c22 (webtiles) character file.

Game seed: 1026484229098596775

1380 kae the Destroyer (level 8, 0/61 HPs)
             Began as a Tengu Fire Elementalist on June 28, 2022.
             Succumbed to a scorpion's poison
             ... on level 4 of the Dungeon.
             The game lasted 00:06:13 (7316 turns).

kae the Destroyer (Tengu Fire Elementalist)         Turns: 7316, Time: 00:06:14

Health: 0/61       AC: 24    Str:  9    XL:     8   Next: 66%
Magic:  6/15       EV:  2    Int: 17    God:
Gold:   554        SH:  0    Dex: 15    Spells: 7/16 levels left

rFire   . . .      SeeInvis .   i - +5 dagger
rCold   . . .      Faith    .   (no shield)
rNeg    . . .      Spirit   .   (body armour currently unavailable)
rPois   +          Reflect  .   (helmet currently unavailable)
rElec   .          Harm     .   (cloak currently unavailable)
rCorr   .          Rampage  .   (gloves currently unavailable)
Will    +....      NoTele   +   (boots unavailable)
Stlth   ++........              (no amulet)
HPRegen 0.20/turn               e - ring of willpower
MPRegen 0.14/turn               (no ring)

@: lethally poisoned (0 -> -3), tree-form
A: stationary, stasis, torment immunity, boosted hp, (beak), (talons 3), nimble
flight
a: no special abilities


You were on level 4 of the Dungeon.
You were a tree.
You visited 1 branch of the dungeon, and saw 5 of its levels.

You collected 554 gold pieces.


Innate Abilities, Weirdness & Mutations

You are a tree.
Your roots penetrate the ground, keeping you stationary.
You cannot be teleported.
You are immune to unholy pain and torment.
Your maximum health is greatly increased.
Your equipment is partially melded.
((You have a beak for a mouth.))
((You have claws for feet.))
Your magical nature lets you fly swiftly and evasively.


   Skills:
 - Level 2.1 Dodging
 - Level 2.0 Stealth
 + Level 4.6 Spellcasting
 * Level 8.6 Conjurations
 * Level 7.9 Fire Magic


You had 7 spell levels left.
You knew the following spells:

 Your Spells              Type           Power      Damage    Failure   Level
a - Foxfire               Conj/Fire      100%       2x1d9     1%          1
b - Scorch                Fire           60%        2d8       1%          2
c - Conjure Flame         Conj/Fire      32%        6-21      1%          3
d - Inner Flame           Hex/Fire       17%        N/A       9%          3

Your spell library contained the following spells:

 Spells                   Type           Power      Damage    Failure   Level
 Flame Wave               Conj/Fire      32%        2d8       4%          4

Inventory:

Hand Weapons
 i - a +5 dagger (weapon)
   (You took it off a goblin on level 2 of the Dungeon)
 A - the +7 whip of Duqigynn {freeze, rElec rPois rN++}
   (You found it on level 4 of the Dungeon)

   It freezes those it strikes, dealing additional cold damage.
   It can also slow down cold-blooded creatures.
   rElec:     It insulates you from electricity.
   rPois:     It protects you from poison.
   rN:        It greatly protects you from negative energy.
Missiles
 f - 43 stones
 k - 6 javelins
 m - 10 poisoned darts
 n - 6 datura-tipped darts
Armour
 a - a +0 robe (melded)
 c - a +0 leather armour
   (You found it on level 1 of the Dungeon)
 g - a +0 leather armour
   (You took it off an orc on level 1 of the Dungeon)
 h - a +0 robe
   (You took it off Sigmund on level 2 of the Dungeon)
 j - a +0 plate armour
   (You found it on level 2 of the Dungeon)
 o - the +5 ring mail "Baroda" {rC+}
   (You found it on level 2 of the Dungeon)

   rC:        It protects you from cold.
 r - a +0 leather armour
   (You found it on level 3 of the Dungeon)
 s - a +0 robe
   (You found it on level 4 of the Dungeon)
 w - an orb of light
   (You took it off a goblin on level 3 of the Dungeon)
 x - a +0 scale mail
   (You took it off an orc on level 3 of the Dungeon)
 y - a +0 robe
   (You took it off a gnoll shaman on level 4 of the Dungeon)
 B - a +0 kite shield of positive energy
   (You took it off a gnoll shaman on level 4 of the Dungeon)
 C - a +0 robe
   (You took it off Dowan on level 4 of the Dungeon)
 D - a +0 leather armour
   (You took it off Duvessa on level 4 of the Dungeon)
Jewellery
 e - a ring of willpower (left branch)
   (You found it on level 1 of the Dungeon)
Scrolls
 d - a scroll of identify {@r1}
 u - a scroll of immolation {!r!r}
Potions
 b - 2 potions of magic
 l - 2 potions of flight
 p - a potion of cancellation
 q - a potion of degeneration {!q}
 v - a potion of might
 z - a potion of lignification {!q}
 E - a potion of attraction {!q}

Dungeon Overview and Level Annotations

Branches:
Dungeon (5/15) Zot: 22850
 Temple: D:4-7

Altars:
Kikubaaqudgha
Nemelex Xobeh

...##..# ##....######..#..#..#'#
...##..# ####......##......##..
...##..### ######..##....##...
..###..).##########....######..#.
.## ####..#.....)........#.#....#
### #......)............##..#.
..# ###K.................##...
_.## #..##.#.#####.#...#.###..
..)##
##.###...โ™ฃยงY...#.......###
....# ##.....#.####..............
....###........#####.#........###
..#.....#.<...#...#...#..#.##....
..#.#####..................#####.
..#.# #####)...โ€ ..........###..
....# #.....>...........#..
...##########.....[.....#..##....
.................................


You could see an ice beast.


Message History

๐Ÿ˜ฎ HP[+1] MP[-1]
You lost 1 mp, and now have 7/14 mp.
Casting: Scorch (safe; 1% risk of failure)
Confirm with . or Enter, or press ? or * to list all spells.
Flames lash Pikel.
Pikel is burned terribly!
You kill Pikel!
The lemure is engulfed in poison gas.
The lemure looks as sick as possible!
With Pikel's spell broken, his former minion thanks you for its freedom.
The lemure departs this earthly plane.
Your Conjurations skill increases to level 8!
Your Fire Magic skill increases to level 7!
You have reached level 8!
You feel agile. ๐Ÿ˜ฎ HP[+3] MP[-2]
You now have 41 max hp (+5).
You regained 3 hp, and now have 25/41 hp.
You lost 2 mp, and now have 5/15 mp.
You start resting. ๐Ÿ˜• HP[+6] MP[+7]
You regained 6 hp, and now have 31/41 hp.
You regained 7 mp, and now have 12/15 mp.
You start resting. ๐Ÿ˜• HP[+3] MP[+2]
You regained 3 hp, and now have 34/41 hp.
You regained 2 mp, and now have 14/15 mp.
There is a stone staircase leading down, spattered with blood here.
You start resting. ๐Ÿ˜• MP[+1]
Your mp is fully restored (15).
You start resting. ๐Ÿ˜Ž HP[+7]
Your hp is fully restored (41).
You fly downwards.
The scorpion closely misses you. The ice beast closely misses you.
The scorpion stings you but does no damage.
There is a stone staircase leading up here.
The scorpion closely misses you. The ice beast hits you.
The ice beast freezes you!
You fly upwards.
There is a stone staircase leading down, spattered with blood here. ๐Ÿ˜• HP[-10]
You take 10 damage, and now have 31/41 hp.
MASSIVE DAMAGE!! (PAUSE) Unknown command.
The scorpion completely misses you. The scorpion attacks as you move away!
The scorpion barely misses you. ๐Ÿ˜• HP[+1]
The scorpion stings you. ๐Ÿ˜ฎ HP[-6]
You take 6 damage, and now have 26/41 hp.
Casting: Scorch (safe; 1% risk of failure)
Confirm with . or Enter, or press ? or * to list all spells.
The fire begins to smoulder!
The scorpion stings you.
You are poisoned.
The scorpion poisons you! ๐Ÿ˜ฎ HP[-3] MP[-3]
You take 3 damage, and now have 23/41 hp.
You lost 3 mp, and now have 12/15 mp.
Casting: Conjure Flame (safe; 1% risk of failure)
Confirm with . or Enter, or press ? or * to list all spells.
The fire ignites!
You are engulfed in blazing flames.
* * * LOW HITPOINT WARNING * * *
x2 You feel very sick.
The scorpion completely misses you. ๐Ÿ˜ฑ HP[-19] MP[-3]
You take 19 damage, and now have 4/41 hp.
MASSIVE DAMAGE!! (PAUSE)
You lost 3 mp, and now have 9/15 mp.
Unknown command.
The scorpion attacks as you move away! The scorpion misses you.
* * * LOW HITPOINT WARNING * * *
You feel sick. ๐Ÿ˜ฑ HP[-2]
You take 2 damage, and now have 2/41 hp.
Really quaff
z - 2 potions of lignification {!q}?
Really quaff the potion of lignification?
You turn into a tree.
Your +0 robe melds into your body.
Your roots penetrate the ground.
* * * LOW HITPOINT WARNING * * *
You feel sick. ๐Ÿ˜ฑ HP[+1]
You now have 61 max hp (+20).
Casting: Conjure Flame (safe; 1% risk of failure)
Confirm with . or Enter, or press ? or * to list all spells.
Flames lash the scorpion.
The scorpion's fire resistance burns away.
* * * LOW HITPOINT WARNING * * *
You feel sick.
* * * LOW HITPOINT WARNING * * *
You feel sick. ๐Ÿ˜ฑ HP[-2] MP[-2]
You take 2 damage, and now have 1/61 hp.
You lost 2 mp, and now have 7/15 mp.
Casting: Scorch (safe; 1% risk of failure)
Confirm with . or Enter, or press ? or * to list all spells.
Flames lash the scorpion.
The scorpion is burned terribly!
You kill the scorpion!
* * * LOW HITPOINT WARNING * * *
You feel sick.
You die...

Skill      XL: |  1  2  3  4  5  6  7 |
---------------+----------------------+-----
Conjurations   | 2 3 4 5 8 |  8.6
Fire Magic     | 4 5 7 |  7.9
Spellcasting   | 3 4 |  4.6
Dodging        | |  2.1
Stealth        | |  2.0

Action                   |  1- 3 |  4- 6 |  7- 9 || total
-------------------------+-------+-------+-------++-------
Melee: Unarmed           |    10 |       |       ||    10
       Kick              |     5 |     2 |     3 ||    10
       Peck              |     1 |     1 |     4 ||     6
       Dagger            |       |     5 |    15 ||    20
 Cast: Foxfire           |    49 |   105 |    49 ||   203
       Scorch            |     6 |    25 |    30 ||    61
       Inner Flame       |       |       |     4 ||     4
       Conjure Flame     |       |       |     4 ||     4
  Use: Scroll            |     1 |    11 |     2 ||    14
       Potion            |       |     2 |     1 ||     3
Armor: Robe              |     8 |     3 |     7 ||    18
Dodge: Dodged            |    27 |    31 |    44 ||   102

Levels and vault maps discovered:
D:1:      nagdon_arrival_zigzag_paths, layout_loops_ring, chequers_big_river
D:2:      minmay_chambers_of_ones, layout_basic, uniq_sigmund, uniq_natasha
D:3:      layout_loops_ring, ebering_ecumenical_altar_abandoned, chequers_jeans
D:4:      minmay_polygon_palace, layout_rooms, grunt_temple_overflow_open,
          uniq_pikel, uniq_duvessa
D:5:      layout_cave_pods, mainiacjoe_overflow_chevrons,
          biasface_ghost_orc_armoury, nicolae_stop_n_shop_1, uniq_eustachio,
          uniq_edmund, uniq_menkaure

Notes
Turn   | Place    | Note
-------+----------+-------------------------------------------
     0 | D:1      | kae the Tengu Fire Elementalist began the quest for the
                  | Orb.
     0 | D:1      | Reached XP level 1. HP: 10/10 MP: 4/4
     0 | D:1      | magus.rc [v1.11.3]
   137 | D:1      | Reached skill level 2 in Conjurations
   137 | D:1      | Reached XP level 2. HP: 15/15 MP: 0/6
  1126 | D:1      | Reached XP level 3. HP: 19/19 MP: 4/7
  1320 | D:1      | Reached skill level 4 in Fire Magic
  1444 | D:1      | Learned a level 2 spell: Scorch
  1778 | D:2      | Reached skill level 3 in Conjurations
  2085 | D:2      | Reached XP level 4. HP: 24/24 MP: 6/8
  2113 | D:2      | Noticed Sigmund
  2259 | D:2      | Learned a level 3 spell: Conjure Flame
  2770 | D:2      | Killed Sigmund
  2771 | D:2      | Reached skill level 3 in Spellcasting
  2771 | D:2      | Reached skill level 4 in Conjurations
  2771 | D:2      | Reached skill level 5 in Fire Magic
  2771 | D:2      | Gained mutation: Your magical nature lets you fly swiftly
                  | and evasively. [Tengu growth]
  2771 | D:2      | Reached XP level 5. HP: 19/28 MP: 8/10
  2771 | D:2      | Reached XP level 6. HP: 22/32 MP: 8/11
  3080 | D:2      | Identified the +5 ring mail "Baroda" {rC+}
  3099 | D:2      | Noticed Natasha
  3108 | D:2      | Killed Natasha
  3109 | D:2      | Reached skill level 5 in Conjurations
  3480 | D:2      | magus.rc [v1.11.3]
  4030 | D:3      | Found a faded altar of an unknown god.
  4253 | D:3      | Learned a level 3 spell: Inner Flame
  5225 | D:4      | Found an ancient bone altar of Kikubaaqudgha.
  5225 | D:4      | Found a sparkling altar of Nemelex Xobeh.
  5315 | D:4      | Reached XP level 7. HP: 29/36 MP: 5/13
  5614 | D:4      | Identified the +7 whip of Duqigynn {freeze, rElec rPois
                  | rN++}
  5642 | D:4      | Noticed Pikel
  6157 | D:4      | Reached skill level 6 in Conjurations
  6157 | D:4      | Reached skill level 6 in Fire Magic
  6873 | D:4      | Noticed Dowan
  6873 | D:4      | Noticed Duvessa
  6914 | D:4      | Killed Dowan
  6953 | D:4      | magus.rc [v1.11.3]
  7023 | D:4      | Killed Duvessa
  7161 | D:5      | Entered Level 5 of the Dungeon
  7169 | D:4      | Reached skill level 4 in Spellcasting
  7169 | D:4      | Reached skill level 7 in Conjurations
  7176 | D:4      | Killed Pikel
  7177 | D:4      | Reached skill level 8 in Conjurations
  7177 | D:4      | Reached skill level 7 in Fire Magic
  7177 | D:4      | Reached XP level 8. HP: 25/41 MP: 5/15
  7310 | D:4      | HP: 7/41 [cloud of flame (16)]
  7311 | D:4      | HP: 2/41 [poisoned by a scorpion]
  7316 | D:4      | Succumbed to a scorpion's poison

Vanquished Creatures
  Pikel (D:4)
  Sigmund (D:2)
  Duvessa (D:4)
  A black bear (D:4)
  3 lemures
  2 scorpions (D:4)
  Dowan (D:4)
  A gnoll shaman (D:4)
  Natasha (D:2)
  2 iguanas (D:4)
  10 adders
  4 gnolls
  5 worms
  4 dart slugs
  12 orcs
  12 ball pythons
  3 bats
  15 endoplasms
  2 giant cockroaches (D:4)
  11 goblins
  5 hobgoblins
  2 jackals (D:2)
  13 kobolds
  2 quokkas
  6 frilled lizards
  7 rats
127 creatures vanquished.

Vanquished Creatures (others)
  316 foxfires
  6 plants (D:1)
322 creatures vanquished.

Grand Total: 449 creatures vanquished

Table legend:
 A = Non-vault XP
 B = Vault XP
 C = Vault XP percentage of total XP
 D = Non-vault monster count
 E = Vault monster count
 F = Vault count percentage of total count
                 A         B        C        D         E       F
            +---------+---------+-------+---------+---------+-------
      Total |     587 |    1385 |  70.2 |      96 |      28 |  22.6
            +---------+---------+-------+---------+---------+-------
        D:1 |      57 |       0 |   0.0 |      24 |       0 |   0.0
        D:2 |      63 |     273 |  81.2 |      26 |       7 |  21.2
        D:3 |      81 |      21 |  20.6 |      21 |       3 |  12.5
        D:4 |     386 |    1091 |  73.9 |      25 |      18 |  41.9
            +---------+---------+-------+---------+---------+-------

Illustrated notes

Table legend:
 A = Kills in this place as a percentage of kills in entire the game.
 B = Kills by you in this place as a percentage of kills by you in the entire game.
 C = Kills by friends in this place as a percentage of kills by friends in the entire game.
 D = Other kills in this place as a percentage of other kills in the entire game.
 E = Experience gained in this place as a percentage of experience gained in the entire game.
 F = Experience gained in this place divided by the number of levels of this place that you have seen.
                   A       B       C       D       E      F
               +-------+-------+-------+-------+-------+----------------------
         Total | 100.0 | 100.0 |   N/A |   N/A | 100.0 | 394.4
       Dungeon | 100.0 | 100.0 |   N/A |   N/A | 100.0 | 394.4
               +-------+-------+-------+-------+-------+----------------------

Table legend: (Time is in decaauts)
 A = Elapsed time spent in this place.
 B = Non-inter-level travel time spent in this place.
 C = Inter-level travel time spent in this place.
 D = Time resting spent in this place.
 E = Time spent auto-exploring this place.
 F = Levels seen in this place.
 G = Mean time per level.
                   A        B        C        D        E       F      G
               +--------+--------+--------+--------+--------+-----+--------+
         Total |   7149 |   6849 |    300 |    790 |   4999 |   5 | 1429.8 |
       Dungeon |   7149 |   6849 |    300 |    790 |   4999 |   5 | 1429.8 |
               +--------+--------+--------+--------+--------+-----+--------+

Top non-repeatable levels by time:
     D:3: 1907 daAuts
     D:4: 1770 daAuts
     D:2: 1740 daAuts
     D:1: 1724 daAuts
     D:5: 6 daAuts
